 Dungeon Crawl Stone Soup version 0.24-a0-789-g35933f4585 (webtiles) character file.

Game seed: 14631343807981772034, levelgen mode: deterministic

914 Conn the Covert (level 8, -2/48 HPs)
             Began as an Octopode Fire Elementalist on Oct 10, 2019.
             Slain by a gnoll
             ... wielding a +0 spear
              (4 damage)
             ... on level 5 of the Dungeon.
             The game lasted 00:11:28 (3605 turns).

Conn the Covert (Octopode Fire Elementalist)        Turns: 3605, Time: 00:11:29

Health: -2/48      AC:  1    Str:  7 (8)  XL:     8   Next: 9%
Magic:  8/13       EV: 13    Int: 16 (19) God:
Gold:   269        SH:  4    Dex:  9 (12) Spells: 9/13 levels left

rFire    . . .     SeeInvis .   q - +0 dagger (holy)
rCold    . . .     Gourm    .   f - +1 buckler
rNeg     + . .     Faith    .   (helmet restricted)
rPois    .         Spirit   .   (no amulet)
rElec    .         Reflect  .   g - ring of positive energy
rCorr    .         Harm     .   (no ring)
MR       .....                  (no ring)
Stlth    ++........             (no ring)
HPRegen  0.16/turn              (no ring)
MPRegen  0.13/turn              (no ring)
                                (no ring)
                                (no ring)

@: glowing
A: almost no armour, stealthy swim, amphibious, 8 rings, constrict 8, camouflage
1, gelatinous body 1
a: no special abilities


You were on level 5 of the Dungeon.
You were not hungry.

You visited 1 branch of the dungeon, and saw 5 of its levels.

You collected 269 gold pieces.

Inventory:

Hand Weapons
 e - a +0 dagger
 q - a +0 dagger of holy wrath (weapon)
Missiles
 i - 17 poisoned darts (quivered)
 p - 6 javelins
Armour
 f - a +1 buckler (worn)
Jewellery
 g - a ring of positive energy (left tentacle)
Wands
 l - a wand of random effects (16)
Scrolls
 c - 10 scrolls of identify
 d - a scroll of remove curse
Potions
 h - a potion of flight
Comestibles
 b - 12 rations


   Skills:
 + Level 1.0 Fighting
 + Level 2.9 Short Blades
 + Level 2.7 Dodging
 - Level 8.0 Stealth
 * Level 0.9 Shields
 * Level 3.4 Spellcasting
 * Level 2.9 Conjurations
 + Level 4.8 Fire Magic


You had 9 spell levels left.
You knew the following spells:

 Your Spells              Type           Power        Failure   Level  Hunger
a - Flame Tongue          Conj/Fire      ###..        5%          1    None
b - Conjure Flame         Conj/Fire      ###.....     16%         3    ###....

Your spell library contained the following spells:

 Spells                   Type           Power        Failure   Level  Hunger
 Throw Flame              Conj/Fire      ###...       8%          2    ##.....
 Inner Flame              Hex/Fire       ##......     28%         3    ###....
 Sticky Flame             Conj/Fire      ###.....     45%         4    ####...
 Fireball                 Conj/Fire      ###.......   82%         5    ######.


Dungeon Overview and Level Annotations

Branches:
Dungeon (5/15)
 Temple: D:4-7

Altars:
Yredelemnul
The Shining One

Annotations:
D:4 3 runed translucent doors, Tagedieb's ghost, novice OpAs


Innate Abilities, Weirdness & Mutations

You cannot wear most types of armour.
You are very stealthy in the water. (Stealth+)
You are amphibious.
You can wear up to eight rings at the same time.
You can use your tentacles to constrict eight enemies at once.
Your skin changes colour to match your surroundings (Stealth+).
Your rubbery body absorbs attacks. (AC +1, EV +1)


Message History

* * * LOW HITPOINT WARNING * * *
You block the gnoll's attack.
The gnoll shaman hits you with a +0 club!
* * * LOW HITPOINT WARNING * * *
The hound bites you.
* * * LOW HITPOINT WARNING * * *
Okay, then.
Okay, then.
Unknown command.
Unknown command.
Unknown command.
Unknown command.
Evoke which item? (* to show all) (? for menu, Esc to quit)
Aiming: Random Effects
Press: ? - help, Shift-Dir - straight line, f - gnoll
Aim: a gnoll, wielding a +0 flail The hound resists with significant effort.
You constrict the gnoll shaman.
The gnoll hits you from afar with a +0 spear.
You die...

.# #..# #....# #
.#####.## #...# ..
....##..# ##### #...# ..
....###.###...###...#.##.
..........'..............
....####.##...##g5..#.##
....# #..######gg..# #
....# ##.# #g######g#...
....# #.# #@#..........
..### #).
####h#.......<#. ...#
...##$..g)(g........ ...#
...##.....##.#..#... ...#
....##....<##.#..# ##
...# ....##.....##.#..#
...# #.....#.....##.# .#
...# #........# .# ...#
####.....#


You could see a gnoll shaman (inner flame), a hound (inner flame), 4 gnolls and
a crimson imp.

Vanquished Creatures
  Grinder (D:4)
  Sigmund (D:3)
  2 ogres
  A gnoll sergeant (D:5)
  A scorpion (D:4)
  A crimson imp (D:5)
  An orc wizard (D:2)
  Jessica (D:2)
  An iguana (D:4)
  4 gnolls (D:5)
  6 adders
  An ooze (D:1)
  An adder skeleton (D:5)
  2 worms (D:3)
  4 dart slugs
  4 leopard geckos
  An orc (D:3)
  3 giant cockroaches
  8 goblins
  11 hobgoblins
  4 jackals (D:4)
  3 quokkas (D:4)
  3 bats
  3 frilled lizards
  A giant cockroach zombie (D:5)
  3 kobolds
  4 rats
76 creatures vanquished.

Notes
Turn   | Place    | Note
-------+----------+-------------------------------------------
     0 | D:1      | Conn the Octopode Fire Elementalist began the quest for the
                  | Orb.
     0 | D:1      | Reached XP level 1. HP: 11/11 MP: 3/3
   137 | D:1      | Reached XP level 2. HP: 17/17 MP: 1/5
   647 | D:1      | Reached XP level 3. HP: 21/21 MP: 6/6
   655 | D:1      | Learned a level 3 spell: Conjure Flame
  1046 | D:2      | Noticed Jessica
  1049 | D:2      | Killed Jessica
  1049 | D:2      | Reached skill level 3 in Stealth
  1049 | D:2      | Reached XP level 4. HP: 27/27 MP: 7/7
  1319 | D:2      | Reached skill level 1 in Short Blades
  1369 | D:2      | Reached skill level 4 in Stealth
  1417 | D:2      | Reached XP level 5. HP: 23/32 MP: 8/8
  1938 | D:3      | Noticed Sigmund
  1943 | D:3      | Killed Sigmund
  1943 | D:3      | Reached skill level 5 in Stealth
  1943 | D:3      | Reached XP level 6. HP: 32/37 MP: 5/10
  1944 | D:3      | Found a faded altar of an unknown god.
  2431 | D:4      | Reached skill level 6 in Stealth
  2509 | D:4      | Found a runed translucent gate.
  2509 | D:4      | Found a runed translucent gate.
  2511 | D:4      | Found a runed translucent gate.
  2511 | D:4      | Noticed Tagedieb's ghost (novice OpAs)
  2511 | D:4      | Identified the +10 short sword of Harmony {pain, Stlth+}
  2622 | D:4      | Found a glowing golden altar of the Shining One.
  2720 | D:4      | Found a basalt altar of Yredelemnul.
  2722 | D:4      | Noticed a profane servitor
  2845 | D:4      | Noticed Grinder
  2858 | D:4      | Killed Grinder
  2858 | D:4      | Reached skill level 7 in Stealth
  2858 | D:4      | Reached XP level 7. HP: 20/42 MP: 11/11
  2860 | D:4      | Reached skill level 1 in Fighting
  3279 | D:4      | Noticed an angel
  3314 | D:5      | Entered Level 5 of the Dungeon
  3343 | D:5      | Reached skill level 8 in Stealth
  3538 | D:5      | Reached XP level 8. HP: 46/48 MP: 3/13
  3604 | D:5      | HP: 2/48 [hound (2)]
  3605 | D:5      | Slain by a gnoll

Levels and vault maps discovered:
D:1:      onia_arrival_pyramid, layout_loops_ring
D:2:      layout_rooms, first_ration, minmay_heptomino_h4, uniq_jessica
D:3:      layout_loops_ring, chequers_ecumenical_altar_simple, uniq_sigmund
D:4:      layout_loops_ring, grunt_temple_overflow_holy_war,
          gammafunk_ghost_nasty_kobolds, hangedman_abyss_or_decor_stagger,
          uniq_grinder
D:5:      layout_basic, serial_shops, nicolae_shop_stone

Skill      XL: |  1  2  3  4  5  6  7 |
---------------+----------------------+-----
Stealth        | 3 4 5 7 8 |  8.0
Short Blades   | 1 2 |  2.9
Conjurations   | 2 |  2.9
Fire Magic     | 4 |  4.8
Spellcasting   | 3 |  3.4
Fighting       | 1 |  1.0
Dodging        | |  2.7
Shields        | |  0.9

Action                   |  1- 3 |  4- 6 |  7- 9 || total
-------------------------+-------+-------+-------++-------
Melee: Dagger            |    31 |    63 |    32 ||   126
       Constrict         |     6 |    15 |     5 ||    26
       Tentacles         |     2 |     9 |     5 ||    16
Throw: Dart              |       |       |     3 ||     3
 Cast: Flame Tongue      |    15 |    29 |    24 ||    68
       Conjure Flame     |       |     1 |     2 ||     3
Evoke: Wand              |       |       |     8 ||     8
  Use: Scroll            |       |     4 |     2 ||     6
       Potion            |       |     1 |     7 ||     8
 Stab: Sleeping          |     7 |    15 |     1 ||    23
  Eat: Chunk             |     1 |     5 |     3 ||     9
Armor: Skin              |     2 |     2 |     2 ||     6
Dodge: Dodged            |    22 |    30 |    45 ||    97
Block: Buckler           |       |       |     6 ||     6

Table legend:
 A = Non-vault XP
 B = Vault XP
 C = Vault XP percentage of total XP
 D = Non-vault monster count
 E = Vault monster count
 F = Vault count percentage of total count
                 A         B        C        D         E       F
            +---------+---------+-------+---------+---------+-------
      Total |     723 |     584 |  44.7 |      69 |       7 |   9.2
            +---------+---------+-------+---------+---------+-------
        D:1 |      44 |       0 |   0.0 |      17 |       0 |   0.0
        D:2 |      32 |      93 |  74.4 |      10 |       5 |  33.3
        D:3 |      39 |     205 |  84.0 |      18 |       1 |   5.3
        D:4 |     261 |     286 |  52.3 |      13 |       1 |   7.1
        D:5 |     347 |       0 |   0.0 |      11 |       0 |   0.0
            +---------+---------+-------+---------+---------+-------
